 Dungeon Crawl Stone Soup version 0.29.0-5-ge4962eb29e (webtiles) character file.

Game seed: 17087531875465119744

706 Woods the Sneak (level 7, -3/55 HPs)
             Began as a Naga Ice Elementalist on Aug 29, 2022.
             Slain by an ice beast (13 damage)
             ... on level 5 of the Dungeon.
             The game lasted 00:12:28 (4643 turns).

Woods the Sneak (Naga Ice Elementalist)             Turns: 4643, Time: 00:12:29

Health: -3/55      AC: 12    Str: 11    XL:     7   Next: 67%
Magic:  0/14       EV: 10    Int: 17    God:
Gold:   234        SH:  0    Dex: 11    Spells: 4/15 levels left

rFire   . . .      SeeInvis +   (no weapon)
rCold   . . .      Faith    .   (no shield)
rNeg    . . .      Spirit   +   w - +1 robe {Will+}
rPois   +          Reflect  .   (no helmet)
rElec   .          Harm     .   l - +0 cloak
rCorr   .          Rampage  .   (no gloves)
Will    +....                   (no barding)
Stlth   +++.......              s - amulet of guardian spirit
HPRegen 0.18/turn               (no ring)
MPRegen 0.14/turn               (no ring)

@: ice-armoured, very slow
A: AC +2, large, see invisible, deformed body, poison resistance, slowness 2,
spit poison 1, naga tail 1
a: Spit Poison


You were on level 5 of the Dungeon.
You visited 2 branches of the dungeon, and saw 6 of its levels.
You also visited: Sewer.

You collected 234 gold pieces.

Inventory:

Armour
 l - a +0 cloak (worn)
 q - a scarf of invisibility
 w - a +1 robe of willpower (worn)
Jewellery
 o - a ring of ice
 s - an amulet of guardian spirit (around neck)
Scrolls
 a - a scroll of enchant weapon {unknown}
 c - 2 scrolls of teleportation {unknown}
 d - a scroll of summoning {unknown}
 f - 4 scrolls of identify {unknown}
 g - a scroll of brand weapon {unknown}
 j - a scroll of silence {unknown}
 n - 2 scrolls of blinking {unknown}
 p - a scroll of enchant armour {unknown}
 r - a scroll of torment {unknown}
 v - a scroll of immolation {unknown}
Potions
 e - 2 potions of mutation {unknown}
 h - 5 potions of flight
 i - a potion of berserk rage {unknown}
 k - 4 potions of curing
 m - a potion of lignification {unknown}
 t - a potion of attraction {unknown}
 u - a potion of might {unknown}


   Skills:
 + Level 3.3 Dodging
 + Level 6.3 Stealth
 * Level 4.8 Spellcasting
 + Level 1.8 Conjurations
 + Level 5.3 Ice Magic


You had 4 spell levels left.
You knew the following spells:

 Your Spells              Type           Power      Damage    Failure   Level
a - Freeze                Ice            88%        1d10      1%          1
b - Frozen Ramparts       Ice            44%        1d7       4%          3
c - Ozocubu's Armour      Ice            22%        N/A       4%          3
d - Hailstorm             Conj/Ice       16%        3d6       32%         4

Your spell library contained the following spells:

 Spells                   Type           Power      Damage    Failure   Level
 Metabolic Englaciation   Hex/Ice        6%         N/A       80%         5
 Simulacrum               Ice/Necr       6%         N/A       100%        6
 Malign Gateway           Summ/Tloc      2%         N/A       100%        7
 Summon Horrible Things   Summ           2%         N/A       100%        8


Dungeon Overview and Level Annotations

Branches:
Dungeon (5/15)             Temple (1/1) D:4           Sewer (visited)

Altars:
Ashenzari
Dithmenos
Elyvilon
Gozag
Hepliaklqana
Kikubaaqudgha
Nemelex Xobeh
Okawaru
Qazlal
Sif Muna
Trog
Uskayaw
Wu Jian
Zin
The Shining One

Shops:
D:4 [


Innate Abilities, Weirdness & Mutations

Your serpentine skin is tough. (AC +2)
You have supernaturally acute eyesight. (SInv)
Armour fits poorly on your strangely shaped body.
Your system is resistant to poisons. (rPois)
You cover ground very slowly.
You can spit poison.
You have a snake-like lower body.


Message History

The ice beast is heavily wounded.
The ice beast hits you.
* * * LOW HITPOINT WARNING * * *
The ice beast freezes you.
* * * LOW HITPOINT WARNING * * *
Casting: Ozocubu's Armour (dangerous; 4% risk of failure)
Confirm with . or Enter, or press ? or * to list all spells.
A film of ice covers your body! The ice beast closely misses you.
You closely miss the ice beast.
The ice beast is heavily wounded.
The ice beast closely misses you.
You barely miss the ice beast.
The ice beast is heavily wounded.
The ice beast hits you but does no damage.
You hit the ice beast but do no damage.
The ice beast is heavily wounded.
The ice beast hits you but does no damage.
You feel much better. The ice beast hits you. The ice beast freezes you.
You hit the ice beast but do no damage.
The ice beast is heavily wounded.
The ice beast hits you. The ice beast freezes you!
You hit the ice beast but do no damage.
The ice beast is heavily wounded.
The ice beast closely misses you.
You closely miss the ice beast.
The ice beast is heavily wounded.
The ice beast barely misses you.
You barely miss the ice beast.
The ice beast is heavily wounded.
The ice beast hits you but does no damage.
You closely miss the ice beast.
The ice beast is heavily wounded.
The ice beast hits you. The ice beast freezes you!
* * * LOW HITPOINT WARNING * * *
You hit the ice beast but do no damage.
The ice beast is heavily wounded.
The ice beast hits you.
* * * LOW HITPOINT WARNING * * *
The ice beast freezes you!
You die...

##8###8#.#.#.# .........#.#.# [.#
.........#.#.# ..##
...........#.## ..8#
##8###8#.(..... ..# ## #
##############..#.## ..##8###8##
#..#.##...#[##..#.#
............##...............#.#
⌠...............@......#.##..#.##
...............Y####...#.##......
..##8###8#.......................
..#### #####..####.#.#.##.#####
..8#............ ........##.#
..##............ ###.#.#.##.#
..##..#......... ..........#
..##............ ...##.#.##.#
..8#.......# .#. #......#


You could see an ice beast.

Vanquished Creatures
  A water moccasin (D:4)
  A black bear (D:4)
  Blork the orc (D:4)
  A kobold brigand (Sewer)
  A scorpion (D:4)
  2 hounds (D:4)
  An orc priest (D:4)
  2 orc wizards
  6 adders
  A river rat (Sewer)
  A dart slug (D:5)
  16 orcs
  6 ball pythons
  4 bats
  5 endoplasms
  2 giant cockroaches (D:4)
  7 goblins
  7 hobgoblins
  6 jackals
  8 quokkas
  3 frilled lizards (D:2)
  11 kobolds
  6 rats
99 creatures vanquished.

Notes
Turn   | Place    | Note
-------+----------+-------------------------------------------
     0 | D:1      | Woods the Naga Ice Elementalist began the quest for the
                  | Orb.
     0 | D:1      | Reached XP level 1. HP: 15/15 MP: 3/3
   267 | D:1      | Reached XP level 2. HP: 22/22 MP: 5/5
   982 | D:2      | Reached XP level 3. HP: 28/28 MP: 6/6
  1109 | D:2      | Learned a level 3 spell: Frozen Ramparts
  1113 | D:2      | Learned a level 3 spell: Ozocubu's Armour
  1633 | D:3      | Reached XP level 4. HP: 36/36 MP: 1/8
  1769 | D:3      | Reached skill level 4 in Stealth
  2371 | D:3      | Reached XP level 5. HP: 39/42 MP: 2/9
  2376 | D:3      | You fall into a shaft and drop 2 floors!
  2376 | D:5      | Entered Level 5 of the Dungeon
  2675 | D:4      | Found a staircase to the Ecumenical Temple.
  2701 | Temple   | Entered the Ecumenical Temple
  2893 | D:4      | Noticed a water moccasin
  2965 | D:4      | Killed a water moccasin
  2966 | D:4      | Reached skill level 5 in Stealth
  2966 | D:4      | Reached XP level 6. HP: 36/49 MP: 1/11
  2984 | D:4      | Learned a level 4 spell: Hailstorm
  2989 | D:4      | Noticed Blork the orc
  3005 | D:4      | Killed Blork the orc
  3031 | D:4      | Found a glowing drain.
  3045 | Sewer    | Entered a sewer
  3369 | Sewer    | Reached skill level 1 in Conjurations
  3369 | Sewer    | Reached skill level 5 in Ice Magic
  3369 | Sewer    | Reached XP level 7. HP: 51/55 MP: 5/13
  3453 | Sewer    | Found a white marble altar of Elyvilon.
  3719 | D:4      | Found Danaig's Antique Armour Shop.
  3799 | D:4      | Found an iron altar of Okawaru.
  3944 | D:4      | Reached skill level 6 in Stealth
  4191 | D:4      | Found the +7 staff of the Meek {protect, meekguard}
  4643 | D:5      | Slain by an ice beast

Illustrated notes

Levels and vault maps discovered:
D:1:      nzn_arrival_depleted_hourglass, layout_basic
D:2:      layout_loops_ring, fountainhead, dreamdust_mushroom_princess
D:3:      layout_basic, shapermc_ecumenical_altar_notcrosses,
          hangedman_decor_riveting, uniq_ijyb, uniq_sigmund
D:4:      layout_loops_ring, mainiacjoe_overflow_brackets,
          minmay_temple_entry_junction, serial_shops, nicolae_shop_hallway_plus,
          gup_sewer_entry_bowl, pf_guarded_unrand_meek, uniq_blork_the_orc
D:5:      layout_basic, serial_corexii_hall, corexii_hall_statues_x,
          corexii_hall_statues_l, uniq_prince_ribbit1
Temple:   eino_narrow_crystal_temple

Skill      XL: |  1  2  3  4  5  6  7 |
---------------+----------------------+-----
Dodging        | 2 3 |  3.3
Stealth        | 4 5 6 |  6.3
Spellcasting   | 3 4 |  4.8
Conjurations   | 1 |  1.8
Ice Magic      | 5 |  5.3

Action                   |  1- 3 |  4- 6 |  7- 9 || total
-------------------------+-------+-------+-------++-------
Melee: Unarmed           |     1 |    36 |    66 ||   103
       Punch             |       |       |     1 ||     1
 Cast: Freeze            |    32 |    44 |    22 ||    98
       Frozen Ramparts   |     5 |    17 |    10 ||    32
       Ozocubu's Armour  |       |     1 |     3 ||     4
 Abil: Spit Poison       |    16 |     1 |       ||    17
  Use: Potion            |       |     1 |     1 ||     2
 Stab: Sleeping          |       |     1 |       ||     1
Armor: Robe              |     5 |    21 |    44 ||    70
Dodge: Dodged            |    12 |    54 |    28 ||    94
